 Dungeon Crawl Stone Soup version 0.29-a0-474-gdfe5cd140f (webtiles) character file.

Game seed: 1693175764009097136

105 Lekart the Slasher (level 4, -7/40 HPs)
             Began as a Draconian Chaos Knight on May 24, 2022.
             Was a Plaything of Xom.
             Mangled by a mummy (15 damage)
             ... in an ossuary.
             The game lasted 00:05:36 (3060 turns).

Lekart the Slasher (Draconian Chaos Knight)         Turns: 3060, Time: 00:05:37

Health: -7/40      AC:  8    Str: 14    XL:     4   Next: 54%
Magic:  5/5        EV: 12    Int: 13    God:    Xom [*.....]
Gold:   82         SH:  3    Dex: 12    Spells: 5/5 levels left

rFire   . . .      SeeInvis .   a - +0 falchion (chaos)
rCold   . . .      Faith    .   h - +0 buckler
rNeg    . . .      Spirit   .   (body armour unavailable)
rPois   .          Reflect  .   l - +1 hat
rElec   .          Harm     .   s - +0 cloak
rCorr   .          Rampage  .   p - +0 pair of gloves
Will    .....                   (no boots)
Stlth   +.........              (no amulet)
HPRegen 0.13/turn               (no ring)
MPRegen 0.09/turn               (no ring)

@: no status effects
A: AC +5, unfitting armour, cold-blooded, noise suppression
a: Renounce Religion


You were in an ossuary.
You worshipped Xom.
You were a special plaything of Xom.
You visited 1 branch of the dungeon, and saw 5 of its levels.
You also visited: Ossuary.

You collected 138 gold pieces.
You spent 56 gold pieces at shops.

Inventory:

Hand Weapons
 a - a +0 falchion of chaos (weapon)
Armour
 h - a +0 buckler (worn)
 l - a +1 hat (worn)
 p - a +0 pair of gloves (worn)
 s - a +0 cloak (worn)
Jewellery
 g - an amulet of faith
 m - the ring "Ophof" {*Slow Fly rCorr Slay+3}
   (You took it off an orc on level 3 of the Dungeon)

   [ring of flight]

   Slay:      It affects your accuracy & damage with ranged weapons and melee
   (+3).
   Fly:       It grants you flight.
   rCorr:     It protects you from acid and corrosion.
   *Slow:     It may slow you when you take damage.
Potions
 d - 4 potions of curing
 e - a potion of mutation
 f - a potion of degeneration {unknown}
 i - a potion of lignification {unknown}
 j - 3 potions of attraction {unknown}
 k - 2 potions of might {unknown}
 n - a potion of magic {unknown}
 o - a potion of resistance {unknown}
Miscellaneous
 b - a piece from Xom's chessboard (15/15) (quivered)


   Skills:
 + Level 4.0 Fighting
 + Level 4.3 Long Blades
 + Level 2.5 Dodging
 * Level 1.1 Spellcasting


You had 5 spell levels left.
You didn't know any spells.
Your spell library contained the following spells:

 Spells                   Type           Power      Damage    Failure   Level
 Blink                    Tloc           0%         N/A       50%         2
 Scorch                   Fire           0%         2d5       50%         2
 Lesser Beckoning         Tloc           0%         N/A       75%         3
 Flame Wave               Conj/Fire      0%         2d4       98%         4
 Manifold Assault         Tloc           0%         N/A       100%        5
 Summon Cactus Giant      Summ           0%         N/A       100%        6


Dungeon Overview and Level Annotations

Branches:
Dungeon (5/15)            Ossuary (1/1)
 Temple: D:4-7

Altars:

Shops:
D:3 (*((


Innate Abilities, Weirdness & Mutations

Your plain brown scales are hard. (AC +5)
You cannot fit into any form of body armour.
You are cold-blooded and may be slowed by cold attacks.
You passively dampen the noise of your surroundings.


Message History

You are too injured to fight recklessly!
It was a potion of mutation.
You feel extremely strange.
You feel your surroundings grow quieter.
Xom thinks this is hilarious!
Xom's power touches on your mind for a moment.
The mummy looks rather confused. x2
The kobold zombie looks rather confused.
The orc zombie looks rather confused. x2
You are now a special plaything of Xom.
The orc zombie seems less confused.
The orc zombie closely misses you.
The orc zombie hits you but does no damage.
The orc zombie seems less confused.
The mummy closely misses you.
The kobold zombie hits the mummy but does no damage.
The kobold zombie hits itself.
The orc zombie hits you but does no damage.
You hit the kobold zombie.
The kobold zombie seems to grow stronger.
The kobold zombie is severely damaged.
The mummy seems less confused.
You block the orc zombie's attack. The mummy closely misses you.
The mummy hits the orc zombie!
The orc zombie is destroyed!
You hit the kobold zombie. You burn the kobold zombie.
You destroy the kobold zombie!
The orc zombie barely misses you. The mummy barely misses you.
An orc zombie comes into view.
The orc zombie misses you.
You barely miss the orc zombie. The orc zombie closely misses you.
You hit the orc zombie but do no damage.
Space warps horribly around the orc zombie!
You destroy the orc zombie!
The mummy hits you!
* * * LOW HITPOINT WARNING * * *
2 mummies come into view.
You hit the mummy but do no damage.
The mummy is heavily damaged.
The mummy hits you.
* * * LOW HITPOINT WARNING * * *
The mummy hits you!
You die...
Xom guffaws!

..............
......MM.....
...........
#........
#...... #Z...#
#.M..# #..@.#
#.M..# #....#
#....# #....#
#....# #.∩∩.#
######


You could see 4 mummies and an orc zombie.

Vanquished Creatures
  An adder (D:2)
  2 worms
  A dart slug (D:5)
  9 orcs
  A bat (D:1)
  5 endoplasms
  2 giant cockroaches
  5 goblins
  11 hobgoblins
  7 jackals
  6 kobolds
  2 quokkas
  8 ball pythons
  A hobgoblin zombie (Ossuary)
  2 kobold zombies (Ossuary)
  3 orc zombies (Ossuary)
  4 rats
70 creatures vanquished.

Notes
Turn   | Place    | Note
-------+----------+-------------------------------------------
     0 | D:1      | Lekart the Draconian Chaos Knight began the quest for the
                  | Orb.
     0 | D:1      | Reached XP level 1. HP: 19/19 MP: 1/1
   195 | D:1      | XOM: silly message
   324 | D:1      | Reached XP level 2. HP: 26/26 MP: 2/2
   839 | D:1      | XOM: silly message
   958 | D:1      | XOM: divination: detect items
  1034 | D:2      | Reached XP level 3. HP: 17/33 MP: 4/4
  1278 | D:2      | XOM: divination: magic mapping
  1715 | D:3      | Found Jongoss's Weapon Shop.
  1759 | D:3      | Found Desas's General Store.
  1776 | D:3      | XOM: scenery: summon butterflies
  1816 | D:3      | Bought a +0 hat for 56 gold pieces
  1837 | D:3      | Identified the ring "Ophof" {*Slow Fly rCorr Slay+3}
  1857 | D:3      | Reached skill level 1 in Spellcasting
  2029 | D:3      | Found Myz Rite's Weapon Shop.
  2043 | D:3      | Found Kaalae's Weapon Shoppe.
  2048 | D:3      | Reached XP level 4. HP: 32/40 MP: 5/5
  2323 | D:4      | XOM: fake destruction
  3004 | D:5      | Entered Level 5 of the Dungeon
  3008 | D:5      | Noticed a scorpion
  3028 | D:5      | Found a sand-covered staircase.
  3032 | Ossuary  | Entered an ossuary
  3052 | Ossuary  | Gained mutation: You passively dampen the noise of your
                  | surroundings. [potion of mutation]
  3052 | Ossuary  | XOM: confuse monster(s)
  3060 | Ossuary  | Mangled by a mummy

Illustrated notes

Levels and vault maps discovered:
D:1:      elethiomel_arrival_infinity_welcomes_careful_drivers,
          layout_loops_ring, minivault_27
D:2:      layout_rooms, minmay_pentomino_v2
D:3:      layout_basic, serial_shops, nicolae_shop_bloodbath_and_beyond,
          nicolae_shop_stone, shop_fountains, shop
D:4:      layout_loops_ring
D:5:      layout_rooms, elyvilon_altar_3, enter_ossuary_5, serial_shops,
          nicolae_stop_n_shop_1, minivault_23, chequers_serial_rivers_large_a,
          dreamdust_wishing_well, uniq_sigmund
Ossuary:  ossuary_tomb_3

Skill      XL: |  1  2  3  4 |
---------------+-------------+-----
Spellcasting   | 1 |  1.1
Long Blades    | 4 |  4.3
Fighting       | 4 |  4.0
Dodging        | |  2.5

Action                   |  1- 3 |  4- 6 || total
-------------------------+-------+-------++-------
Melee: Falchion          |   118 |    77 ||   195
       Tailslap          |    11 |     3 ||    14
  Use: Scroll            |     4 |     5 ||     9
       Potion            |       |     1 ||     1
 Stab: Sleeping          |       |     1 ||     1
Armor: Skin              |    35 |    31 ||    66
Dodge: Dodged            |    61 |    54 ||   115
Block: Buckler           |     8 |    13 ||    21

Table legend: (Time is in decaauts)
 A = Elapsed time spent in this place.
 B = Non-inter-level travel time spent in this place.
 C = Inter-level travel time spent in this place.
 D = Time resting spent in this place.
 E = Time spent auto-exploring this place.
 F = Levels seen in this place.
 G = Mean time per level.
                   A        B        C        D        E       F      G
               +--------+--------+--------+--------+--------+-----+--------+
         Total |   3091 |   3020 |     71 |    129 |   2325 |   6 |  515.2 |
       Dungeon |   3060 |   2989 |     71 |    129 |   2324 |   5 |  612.0 |
       Ossuary |     30 |     30 |      0 |      0 |      1 |   1 |   30.0 |
               +--------+--------+--------+--------+--------+-----+--------+

Top non-repeatable levels by time:
     D:1: 1126 daAuts
     D:4: 693 daAuts
     D:3: 607 daAuts
     D:2: 605 daAuts
 Ossuary: 30 daAuts
     D:5: 28 daAuts
